 Dungeon Crawl Stone Soup version 0.32-a0-876-gcfddb08e57 (webtiles) character file.

Game seed: 3518904180292184319

436 smashvw the Covered (level 6, -2/79 HPs)
             Began as an Armataur Berserker on Apr 1, 2024.
             Was a Believer of Trog.
             Slain by an orc
             ... wielding a +0 flail
              (3 damage)
             ... on level 5 of the Dungeon.
             The game lasted 00:08:25 (3358 turns).

smashvw the Covered (Armataur Berserker)            Turns: 3358, Time: 00:08:26

Health: -2/79      AC:  9    Str: 24    XL:     6   Next: 69%
Magic:  6/6        EV:  7    Int:  7    God:    Trog [**....]
Gold:   205        SH:  0    Dex: 10    Spells: 5/5 levels left

rFire   . . .        p - +0 flail
rCold   . . .        (no shield)
rNeg    . . .        t - +0 scale mail
rPois   .            r - +2 hat
rElec   .            o - scarf {+Inv}
rCorr   .            (no gloves)
SInv    .            (no barding)
Will    .....        (no amulet) Stlth
                     (no ring)
HPRegen 0.33/turn    (no ring)
MPRegen 0.10/turn

%: roll
@: berserking (expiring), very quick
A: large, deformed body, tough skin 3, armoured tail, rollpage 1
a: Renounce Religion, Evoke Invisibility, Berserk, Trog's Hand


You were on level 5 of the Dungeon.
You worshipped Trog.
Trog was pleased with you.
You visited 1 branch of the dungeon, and saw 5 of its levels.

You collected 205 gold pieces.

Inventory:

Hand Weapons
 a - a +0 short sword
 p - a +0 flail (weapon)
Armour
 b - a +0 animal skin
 j - a +0 chain mail
 o - a scarf of invisibility (worn)
 r - a +2 hat (worn)
 t - a +0 scale mail (worn)
Jewellery
 h - an amulet of faith
 s - an amulet of magic regeneration
Wands
 l - a wand of quicksilver (2)
Scrolls
 d - a scroll of immolation {unknown}
 e - 7 scrolls of identify {unknown}
 g - 2 scrolls of teleportation {unknown}
 i - 3 scrolls of revelation {unknown}
 k - a scroll of amnesia {unknown}
 m - a scroll of fog {unknown}
 n - a scroll of torment {unknown}
Potions
 c - 2 potions of lignification {unknown}
 f - 2 potions of curing
 q - 2 potions of heal wounds {unknown}


   Skills:
 + Level 4.5 Fighting
 - Level 3.1 Short Blades
 + Level 3.0 Maces & Flails
 + Level 5.3 Armour
 - Level 1.4 Dodging


You had 5 spell levels left.
You didn't know any spells.
Your spell library was empty.

Dungeon Overview and Level Annotations

Branches:
Dungeon (5/15)
 Temple: D:4-7

Altars:
Okawaru
The Shining One

Shops:
D:3 :


Innate Abilities, Weirdness & Mutations

Armour fits poorly on your strangely shaped body.
You have extremely tough skin. (AC +3)
You have a long armoured tail.
You regenerate magic when rolling toward enemies. (Rampage MPRegen)


Message History

* * * LOW HITPOINT WARNING * * *
You closely miss the howler monkey. The howler monkey barely misses you.
The orc hits you with a +0 flail.
* * * LOW HITPOINT WARNING * * *
You closely miss the howler monkey.
A hound comes into view.
The howler monkey hoots and howls with incredible vigour!
You closely miss the howler monkey. The orc closely misses you.
The howler monkey hits you but does no damage.
You barely miss the howler monkey. The orc barely misses you.
The howler monkey hits you but does no damage.
You barely miss the howler monkey. You tail-slap the howler monkey!
The howler monkey is almost dead.
The hound bites you.
* * * LOW HITPOINT WARNING * * *
The orc hits you but does no damage.
A bombardier beetle comes into view.
The howler monkey hits you but does no damage.
You barely miss the howler monkey.
Your tail-slap misses the howler monkey.
The howler monkey is almost dead.
The hound bites you.
* * * LOW HITPOINT WARNING * * *
The howler monkey hoots and howls with incredible vigour!
The orc hits you with a +0 flail.
* * * LOW HITPOINT WARNING * * *
The hound bites you but does no damage.
You closely miss the howler monkey.
The howler monkey is almost dead.
The hound misses you.
The howler monkey hits you but does no damage.
You sock the howler monkey!
You kill the howler monkey!
Trog accepts your kill. The orc hits you but does no damage.
The hound bites you but does no damage.
Your Maces & Flails skill increases to level 3!
You barely miss the orc. The hound bites you.
* * * LOW HITPOINT WARNING * * *
The orc hits you with a +0 flail.
You die...

#.. #.# #.# #.# #.# #.#
#.# #<# #.##### # #.#
#####.#.$..
##.#.####.......#
##............!†######.
#...........#.h@.......
....#..##......o........
.##......###........####
#....##.# #.###.##.#
...... #.# #.# #.# .#
#...## ##. .## #.# #
##.. ..# #.. .. ... ..
.##


You could see a hound and an orc.

Vanquished Creatures
  An ogre (D:4)
  2 howler monkeys (D:5)
  A bombardier beetle (D:4)
  2 hounds
  An iguana (D:5)
  A sleepcap (D:4)
  Terence (D:2)
  4 adders
  An orc (D:4)
  7 endoplasms
  A giant cockroach (D:1)
  9 goblins
  10 hobgoblins
  6 jackals
  A quokka (D:1)
  7 ball pythons
  6 bats
  4 frilled lizards
  3 kobolds
  3 rats
71 creatures vanquished.

Notes
Turn   | Place    | Note
-------+----------+-------------------------------------------
     0 | D:1      | smashvw the Armataur Berserker began the quest for the Orb.
     0 | D:1      | Reached XP level 1. HP: 18/18 MP: 1/1
    94 | D:1      | Reached XP level 2. HP: 22/25 MP: 2/2
   295 | D:1      | Reached skill level 3 in Armour
   503 | D:1      | Reached ** piety under Trog
   654 | D:2      | Reached XP level 3. HP: 18/31 MP: 3/3
  1097 | D:2      | Noticed Terence
  1375 | D:2      | Found a glowing golden altar of the Shining One.
  1491 | D:2      | Killed Terence
  1492 | D:2      | Reached XP level 4. HP: 26/38 MP: 4/4
  1687 | D:3      | Reached skill level 1 in Maces & Flails
  1780 | D:3      | Found Xenluare's Book Shop.
  2306 | D:4      | Reached skill level 4 in Armour
  2315 | D:4      | Reached XP level 5. HP: 12/46 MP: 5/5
  2934 | D:4      | Noticed an ogre
  2938 | D:4      | Killed an ogre
  3096 | D:4      | Reached XP level 6. HP: 44/52 MP: 6/6
  3135 | D:4      | Found an iron altar of Okawaru.
  3310 | D:5      | Entered Level 5 of the Dungeon
  3335 | D:5      | Reached skill level 5 in Armour
  3358 | D:5      | HP: 1/79 [hound (3)]
  3358 | D:5      | Slain by an orc

Illustrated notes

Levels and vault maps discovered:
D:1:      scummos_arrival_star, layout_basic
D:2:      layout_basic, basic_altar, uniq_terence
D:3:      layout_basic, serial_shops, nicolae_shop_behind_doors,
          item_on_display_a
D:4:      layout_cave_pools, lemuel_tele_altar, st_stairs_4
D:5:      layout_loops_ring

Skill      XL: |  1  2  3  4  5  6 |
---------------+-------------------+-----
Fighting       | 3 4 |  4.5
Short Blades   | 3 |  3.1
Armour         | 3 4 5 |  5.3
Maces & Flails | 1 2 3 |  3.0
Dodging        | |  1.4

Action                     |  1- 3 |  4- 6 || total
---------------------------+-------+-------++-------
  Melee: Short sword       |   177 |       ||   177
         Tailslap          |    18 |    12 ||    30
         Flail             |    10 |   122 ||   132
 Invoke: Berserk           |       |     4 ||     4
    Use: Potion            |       |     1 ||     1
 Armour: Animal skin       |    37 |       ||    37
         Chain mail        |    88 |    46 ||   134
         Skin              |     2 |       ||     2
         Scale mail        |       |   114 ||   114
  Dodge: Dodged            |    63 |    68 ||   131

Table legend: (Time is in decaauts)
 A = Elapsed time spent in this place.
 B = Non-inter-level travel time spent in this place.
 C = Inter-level travel time spent in this place.
 D = Time resting spent in this place.
 E = Time spent auto-exploring this place.
 F = Levels seen in this place.
 G = Mean time per level.
                   A        B        C        D        E       F      G
               +--------+--------+--------+--------+--------+-----+--------+
         Total |   3396 |   3224 |    172 |    300 |   2328 |   5 |  679.2 |
       Dungeon |   3396 |   3224 |    172 |    300 |   2328 |   5 |  679.2 |
               +--------+--------+--------+--------+--------+-----+--------+

Top non-repeatable levels by time:
     D:4: 900 daAuts
     D:2: 870 daAuts
     D:3: 802 daAuts
     D:1: 772 daAuts
     D:5: 50 daAuts
